 Dungeon Crawl Stone Soup version 0.31-a0-8-gd14b0f4ee2 (webtiles) character file.

Game seed: 652104460580062254

177 Morbidden the Digger (level 5, 0/30 HPs)
             Began as a Gargoyle Earth Elementalist on May 6, 2023.
             Was an Initiate of Cheibriados.
             Slain by an ogre
             ... wielding a +0 giant club
              (12 damage)
             ... on level 5 of the Dungeon.
             The game lasted 00:06:21 (3786 turns).

Morbidden the Digger (Gargoyle Earth Elementalist)  Turns: 3786, Time: 00:06:22

Health: 0/30       AC:  8    Str: 13    XL:     5   Next: 57%
Magic:  4/9        EV: 11    Int: 18    God:    Cheibriados [......]
Gold:   262        SH:  0    Dex: 11    Spells: 5/9 levels left

rFire   . . .        (no weapon)
rCold   . . .        (no shield)
rNeg    + . .        m - +0 leather armour
rPois   ∞            (no helmet)
rElec   +            (no cloak)
rCorr   .            (no gloves)
SInv    .            i - +0 pair of boots
Will    .....        (no amulet)
Stlth   ++           (no ring)
HPRegen 0.25/turn    (no ring)
MPRegen 0.11/turn

%: no passive effects
@: very slightly contaminated, very slow
A: sickness immunity, AC +4, negative energy resistance 1, electricity
resistance, torment resistance 1, petrification resistance
a: Renounce Religion


You were on level 5 of the Dungeon.
You worshipped Cheibriados.
Cheibriados was noncommittal.
You visited 2 branches of the dungeon, and saw 6 of its levels.

You collected 262 gold pieces.

Inventory:

Armour
 i - a +0 pair of boots (worn)
 k - a +1 buckler
 m - a +0 leather armour (worn)
Jewellery
 l - an amulet of faith
 o - an amulet of magic regeneration
Scrolls
 a - a scroll of fog
 d - a scroll of fear {unknown}
 g - a scroll of poison {unknown}
 q - a scroll of identify {unknown}
 r - a scroll of enchant weapon {unknown}
 s - a scroll of teleportation
 t - 2 scrolls of noise {unknown}
Potions
 b - a potion of magic
 c - 4 potions of curing
 e - a potion of cancellation {unknown}
 f - 2 potions of mutation {unknown}
 h - a potion of resistance {unknown}
 j - a potion of degeneration {unknown}
 n - a potion of heal wounds {unknown}
 p - a potion of attraction {unknown}


   Skills:
 * Level 1.7 Fighting
 * Level 1.0 Armour
 * Level 1.8 Dodging
 + Level 2.2 Stealth
 + Level 0.3 Shields
 * Level 0.6 Unarmed Combat
 * Level 2.9 Spellcasting
 * Level 0.6 Conjurations
 * Level 1.5 Transmutations
 * Level 5.1 Earth Magic


You had 5 spell levels left.
You knew the following spells:

 Your Spells              Type           Power      Damage    Failure   Level
a - Sandblast             Erth           42%        2d11      2%          1
b - Stone Arrow           Conj/Erth      26%        3d8       19%         3

Your spell library contained the following spells:

 Spells                   Type           Power      Damage    Failure   Level
 Passwall                 Tmut/Erth      11%        N/A       8%          2
 Petrify                  Tmut/Erth      14%        N/A       45%         4
 Frozen Ramparts          Ice            4%         1d1       54%         3
 Ice Form                 Ice/Tmut       5%         N/A       83%         4
 Summon Ice Beast         Ice/Summ       2%         N/A       91%         4


Dungeon Overview and Level Annotations

Branches:
Dungeon (5/15)             Temple (1/1) D:4

Altars:
Ashenzari
Cheibriados
Elyvilon
Fedhas
Gozag
Kikubaaqudgha
Makhleb
Nemelex Xobeh
Wu Jian
Xom
Zin
The Shining One

Shops:
D:2 =   D:3 *   D:4 ?

Annotations:
D:2 1 runed translucent door, Crazy Yiuf
D:4 1 runed translucent door, kuniqs's ghost, amateur DsFi


Innate Abilities, Weirdness & Mutations

You are immune to sickness and miasma.
Your stone body is resilient. (AC +4)
You are immune to poison.
You resist negative energy. (rN+)
You are resistant to electric shocks. (rElec)
You are resistant to unholy torment.
You are immune to petrification.


Message History

Confirm with . or Enter, or press ? or * to list all spells.
Aiming: Sandblast (safe; 2% risk of failure)
Press: ? - help, Shift-Dir - straight line, f - ogre
Aim: an ogre, wielding a +0 giant club (92% to hit)
The blast of sand hits the ogre!
The ogre is moderately wounded.
Casting: Sandblast (safe; 2% risk of failure)
Confirm with . or Enter, or press ? or * to list all spells.
Aiming: Sandblast (safe; 2% risk of failure)
Press: ? - help, Shift-Dir - straight line, f/p - ogre
Aim: an ogre, wielding a +0 giant club (moderately wounded, 92% to hit)
You miscast Sandblast.
You are very lightly contaminated with residual magic.
Nothing appears to happen.
The ogre hits you with a +0 giant club.
Casting: Sandblast (safe; 2% risk of failure)
Confirm with . or Enter, or press ? or * to list all spells.
Aiming: Sandblast (safe; 2% risk of failure)
Press: ? - help, Shift-Dir - straight line, f/p - ogre
Aim: an ogre, wielding a +0 giant club (moderately wounded, 92% to hit)
The blast of sand hits the ogre!
The ogre is severely wounded.
The ogre hits you with a +0 giant club!
Ouch! That really hurt!
Casting: Sandblast (safe; 2% risk of failure)
Confirm with . or Enter, or press ? or * to list all spells.
Aiming: Sandblast (safe; 2% risk of failure)
Press: ? - help, Shift-Dir - straight line, f/p - ogre
Aim: an ogre, wielding a +0 giant club (severely wounded, 92% to hit)
The blast of sand misses the ogre.
The ogre closely misses you.
Unknown command.
Unknown command.
Casting: Sandblast (safe; 2% risk of failure)
Confirm with . or Enter, or press ? or * to list all spells.
Aiming: Sandblast (safe; 2% risk of failure)
Press: ? - help, Shift-Dir - straight line, f/p - ogre
Aim: an ogre, wielding a +0 giant club (severely wounded, 92% to hit)
The blast of sand hits the ogre.
The ogre is severely wounded.
The ogre hits you with a +0 giant club!
You die...

###### ## #....# ... #....#
....
#######....###############..)..
#<....'.......@O.........'.....
#######....###############.....
#....# .... #....# ... #....#
.. #....# # #....# #....#
######


You could see an ogre.

Vanquished Creatures
  Terence (D:2)
  4 adders
  4 worms
  A dart slug (D:3)
  5 orcs
  10 endoplasms
  6 giant cockroaches
  9 goblins
  13 hobgoblins
  3 jackals (D:4)
  4 quokkas
  9 ball pythons
  8 bats
  7 frilled lizards
  4 kobolds
  6 rats
94 creatures vanquished.

Notes
Turn   | Place    | Note
-------+----------+-------------------------------------------
     0 | D:1      | Morbidden the Gargoyle Earth Elementalist began the quest
                  | for the Orb.
     0 | D:1      | Reached XP level 1. HP: 10/10 MP: 3/3
    92 | D:1      | Reached skill level 4 in Earth Magic
    94 | D:1      | Reached XP level 2. HP: 8/16 MP: 0/5
   524 | D:1      | Reached skill level 1 in Fighting
   575 | D:1      | Reached XP level 3. HP: 20/20 MP: 3/6
   579 | D:1      | Learned a level 3 spell: Stone Arrow
   884 | D:2      | Found Wuulojut's Jewellery Shop.
   961 | D:2      | Reached skill level 1 in Transmutations
  1057 | D:2      | Noticed Terence
  1327 | D:2      | Found a runed translucent door.
  1328 | D:2      | Noticed Crazy Yiuf
  1602 | D:2      | Killed Terence
  1603 | D:2      | Reached XP level 4. HP: 25/25 MP: 3/7
  2180 | D:3      | Found Gitz's Assorted Antiques.
  2432 | D:3      | Reached XP level 5. HP: 30/30 MP: 5/9
  2865 | D:3      | Found a faded altar of an unknown god.
  3143 | D:4      | Reached skill level 1 in Armour
  3250 | D:4      | Found a runed translucent door.
  3253 | D:4      | Noticed kuniqs's ghost (amateur DsFi)
  3320 | D:4      | Found a staircase to the Ecumenical Temple.
  3366 | D:4      | Found an opulent altar of Gozag.
  3374 | Temple   | Entered the Ecumenical Temple
  3407 | Temple   | Became a worshipper of Cheibriados the Contemplative
  3511 | D:4      | Found Zeivol's Magic Scroll Shoppe.
  3594 | D:4      | Reached skill level 5 in Earth Magic
  3735 | D:5      | Entered Level 5 of the Dungeon
  3770 | D:5      | Noticed an ogre
  3786 | D:5      | Slain by an ogre

Illustrated notes

Levels and vault maps discovered:
D:1:      amcnicky_arrival_choice, layout_basic
D:2:      layout_loops_ring, serial_shops, nicolae_shop_gaudy_bauble,
          uniq_terence, uniq_crazy_yiuf_cottage
D:3:      layout_loops_cross, serial_shops, shop,
          hellmonk_ecumenical_altar_inner_sanctum, minmay_cut_off
D:4:      layout_rooms, nicolae_gozag_seed_capital,
          minmay_temple_entry_drinking_statues, serial_shops, shop_scrolls,
          ebering_ghost_sewer_d
D:5:      layout_basic, yredelemnul_forgotten_temple_becter,
          nicolae_uskayaw_en_pointe, roderic_lattice_a
Temple:   nicolae_temple_bog_church

Skill      XL: |  1  2  3  4  5 |
---------------+----------------+-----
Earth Magic    | 4 5 |  5.1
Fighting       | 1 |  1.7
Transmutations | 1 |  1.5
Armour         | 1 |  1.0
Dodging        | |  1.8
Stealth        | |  2.2
Shields        | |  0.3
Unarmed Combat | |  0.6
Spellcasting   | |  2.9
Conjurations   | |  0.6

Action                     |  1- 3 |  4- 6 || total
---------------------------+-------+-------++-------
  Melee: Unarmed           |    40 |       ||    40
   Cast: Sandblast         |    74 |    73 ||   147
    Use: Scroll            |     5 |       ||     5
         Potion            |     1 |       ||     1
 Armour: Robe              |    16 |     7 ||    23
         Leather armour    |       |     5 ||     5
  Dodge: Dodged            |    36 |    11 ||    47
  Block: Buckler           |    10 |       ||    10

Table legend: (Time is in decaauts)
 A = Elapsed time spent in this place.
 B = Non-inter-level travel time spent in this place.
 C = Inter-level travel time spent in this place.
 D = Time resting spent in this place.
 E = Time spent auto-exploring this place.
 F = Levels seen in this place.
 G = Mean time per level.
                   A        B        C        D        E       F      G
               +--------+--------+--------+--------+--------+-----+--------+
         Total |   3950 |   3756 |    194 |     55 |   3000 |   6 |  658.3 |
       Dungeon |   3891 |   3720 |    171 |     55 |   2981 |   5 |  778.2 |
        Temple |     59 |     36 |     23 |      0 |     19 |   1 |   59.0 |
               +--------+--------+--------+--------+--------+-----+--------+

Top non-repeatable levels by time:
     D:3: 1122 daAuts
     D:2: 1118 daAuts
     D:1: 903 daAuts
     D:4: 682 daAuts
     D:5: 64 daAuts
  Temple: 59 daAuts
